TOP OF THE 1ST |
---|
Jackson HS Swamp Bats batting - Pitching for Bishop Amat HS : LHP Kevin Preston | Pitching: LHP Kevin Preston | | Batting: RHB Julián García | 0-0: Called Strike 0-1: Called Strike 0-2: Strikes out swinging | Batting: RHB Kevin Wilson | 0-0: SINGLE (Groundball, 3S) (infield hit) | Batting: RHB Jeremy Gibbs | 0-0: Called Strike 0-1: Ball 1-1: Called Strike 1-2: Strikes out looking Kevin Wilson steals 2nd base Batter strikes out. | Batting: RHB Jonathan Smith | 0-0: Called Strike 0-1: Ball 1-1: Foul Ball, location: 2F 1-2: Strikes out swinging | Top of the 1st over - 0 runs, 1 hit, 0 errors, 1 left on base; Jackson HS 0 - Bishop Amat HS 0 | BOTTOM OF THE 1ST |
---|
Bishop Amat HS batting - Pitching for Jackson HS Swamp Bats : RHP Roberto Gonzáles | Pitching: RHP Roberto Gonzáles | | Batting: RHB George Guppy | 0-0: Fly out, F5 (Popup, 5L) | Batting: RHB Bill Bailey | 0-0: Ball 1-0: Ball 2-0: Swinging Strike 2-1: Called Strike 2-2: SINGLE (Flyball, 89S) | Batting: RHB Mike Best | 0-0: Called Strike 0-1: Ball 1-1: Swinging Strike 1-2: Fly out, F8 (Flyball, 8RXD) | Batting: SHB Bill Ríos | 0-0: Called Strike 0-1: Swinging Strike 0-2: Strikes out looking | Bottom of the 1st over - 0 runs, 1 hit, 0 errors, 1 left on base; Jackson HS 0 - Bishop Amat HS 0 | TOP OF THE 2ND |
---|
Jackson HS Swamp Bats batting - Pitching for Bishop Amat HS : LHP Kevin Preston | Batting: SHB William Martínez | 0-0: Called Strike 0-1: Ball 1-1: DOUBLE (Groundball, 5L) | Batting: RHB Brendon Bachman | 0-0: Ball 1-0: Ball 2-0: Called Strike 2-1: Ball 3-1: SINGLE (Groundball, 34S) (infield hit) William Martínez to third | Batting: RHB Ken Case | 0-0: Swinging Strike 0-1: Ball 1-1: Swinging Strike 1-2: Foul Ball, location: 2F 1-2: Strikes out swinging | Batting: LHB Joe Davis | 0-0: Ball 1-0: Foul Ball, location: 2F 1-1: Ball 2-1: Ball 3-1: Foul Ball, location: 2F 3-2: Foul Ball, location: 2F 3-2: SINGLE (Flyball, 89M) William Martínez scores Brendon Bachman to second | Batting: RHB Mark May | 0-0: Ball 1-0: Ball 2-0: Called Strike 2-1: Ball 3-1: Called Strike 3-2: Base on Balls Brendon Bachman to third Joe Davis to second | Batting: RHB Julián García | 0-0: Ball 1-0: Ball 2-0: Ball 3-0: Base on Balls Brendon Bachman scores Joe Davis to third Mark May to second | Batting: RHB Kevin Wilson | 0-0: Called Strike 0-1: Ball 1-1: Ball Wild Pitch! Joe Davis scores Mark May to third Julián García to second 2-1: Fly out, F4 (Line Drive, 4M) | Batting: RHB Jeremy Gibbs | 0-0: Ball 1-0: Ball 2-0: Called Strike 2-1: Foul Ball, location: 2F 2-2: Strikes out looking | Top of the 2nd over - 3 runs, 3 hits, 0 errors, 2 left on base; Jackson HS 3 - Bishop Amat HS 0 | BOTTOM OF THE 2ND |
---|
Bishop Amat HS batting - Pitching for Jackson HS Swamp Bats : RHP Roberto Gonzáles | Batting: LHB Adam Roberts | 0-0: Foul Ball, location: 2F 0-1: Foul Ball, location: 2F 0-2: Foul Ball, location: 2F 0-2: Ball 1-2: Foul Ball, location: 2F 1-2: Ball 2-2: Strikes out swinging | Batting: RHB George Parker | 0-0: Ball 1-0: Foul Ball, location: 2F 1-1: Foul Ball, location: 2F 1-2: SINGLE (Flyball, 89M) | Batting: LHB Ralph King | 0-0: Called Strike 0-1: Swinging Strike 0-2: Foul Ball, location: 2F 0-2: Fielders Choice at 2nd, 6-4 (Groundball, 6D) | Batting: SHB Marcos Cardona | 0-0: Ball 1-0: Ball 2-0: Ball 3-0: Called Strike 3-1: Base on Balls Ralph King to second | Batting: RHB Manuel Díaz | 0-0: Ball 1-0: Swinging Strike 1-1: Ball 2-1: Ground out 5-3 (Groundball, 56S) | Bottom of the 2nd over - 0 runs, 1 hit, 0 errors, 2 left on base; Jackson HS 3 - Bishop Amat HS 0 | TOP OF THE 3RD |
---|
Jackson HS Swamp Bats batting - Pitching for Bishop Amat HS : LHP Kevin Preston | Batting: RHB Jonathan Smith | 0-0: Ball 1-0: Ball 2-0: Reached on error, E9 (Flyball, 9LD) | Batting: SHB William Martínez | 0-0: Called Strike 0-1: Swinging Strike 0-2: Strikes out swinging | Batting: RHB Brendon Bachman | 0-0: Ball 1-0: Swinging Strike 1-1: Swinging Strike 1-2: Ball 2-2: Strikes out swinging | Batting: RHB Ken Case | 0-0: Ball 1-0: Ball 2-0: Called Strike 2-1: SINGLE (Line Drive, 78S) Jonathan Smith to third Runner from 3rd tries for Home, SAFE, throw made home | Batting: LHB Joe Davis | 0-0: SINGLE (Groundball, 34D) Ken Case to second Runner from 2nd tries for 3rd, SAFE, no throw | Batting: RHB Mark May | 0-0: Called Strike 0-1: Foul Ball, location: 2F 0-2: SINGLE (Groundball, 34D) Ken Case scores Joe Davis to second Runner from 2nd tries for 3rd, SAFE, throw made to third | Batting: RHB Julián García | 0-0: Ball 1-0: Swinging Strike 1-1: Foul Ball, location: 2F 1-2: Strikes out swinging | Top of the 3rd over - 2 runs, 3 hits, 1 error, 2 left on base; Jackson HS 5 - Bishop Amat HS 0 | BOTTOM OF THE 3RD |
---|
Bishop Amat HS batting - Pitching for Jackson HS Swamp Bats : RHP Roberto Gonzáles | Batting: RHB George Guppy | 0-0: Ball 1-0: Fly out, F8 (Flyball, 8RD) | Batting: RHB Bill Bailey | 0-0: SINGLE (Groundball, 6MD) | Batting: RHB Mike Best | 0-0: Fly out, F9 (Flyball, 89M) | Batting: SHB Bill Ríos | 0-0: Ball 1-0: Ground out 4-3 (Groundball, 4S) | Bottom of the 3rd over - 0 runs, 1 hit, 0 errors, 1 left on base; Jackson HS 5 - Bishop Amat HS 0 | TOP OF THE 4TH |
---|
Jackson HS Swamp Bats batting - Pitching for Bishop Amat HS : LHP Kevin Preston | Batting: RHB Kevin Wilson | 0-0: Ground out 1-3 (Groundball, P) | Batting: RHB Jeremy Gibbs | 0-0: Ball 1-0: Called Strike 1-1: Called Strike 1-2: Strikes out swinging | Batting: RHB Jonathan Smith | 0-0: Called Strike 0-1: Fly out, F8 (Flyball, 8RD) | Top of the 4th over - 0 runs, 0 hits, 0 errors, 0 left on base; Jackson HS 5 - Bishop Amat HS 0 | BOTTOM OF THE 4TH |
---|
Bishop Amat HS batting - Pitching for Jackson HS Swamp Bats : RHP Roberto Gonzáles | Batting: LHB Adam Roberts | 0-0: Called Strike 0-1: Foul Ball, location: 2F 0-2: SINGLE (Line Drive, 7LM) | Batting: RHB George Parker | 0-0: Ball 1-0: Called Strike 1-1: Foul Ball, location: 2F 1-2: Ball 2-2: Ball 3-2: Base on Balls Adam Roberts to second | Batting: LHB Ralph King | 0-0: Called Strike 0-1: Called Strike 0-2: Strikes out swinging | Batting: SHB Marcos Cardona | 0-0: Called Strike 0-1: Swinging Strike 0-2: Strikes out swinging | Batting: RHB Manuel Díaz | 0-0: Ball 1-0: Ball 2-0: Called Strike 2-1: Ball 3-1: Base on Balls Adam Roberts to third George Parker to second | Batting: RHB George Guppy | 0-0: Fly out, F9 (Flyball, 9LMF) | Bottom of the 4th over - 0 runs, 1 hit, 0 errors, 3 left on base; Jackson HS 5 - Bishop Amat HS 0 | TOP OF THE 5TH |
---|
Jackson HS Swamp Bats batting - Pitching for Bishop Amat HS : LHP Kevin Preston | Pitching: RHP Darrell Sánchez | | Batting: SHB William Martínez | 0-0: Ball 1-0: Ball 2-0: Ball 3-0: Base on Balls | Batting: RHB Brendon Bachman | 0-0: Ball 1-0: Ball 2-0: Called Strike 2-1: Called Strike 2-2: 2-RUN HOME RUN (Flyball, 7LD), Distance : 345 ft | Batting: RHB Ken Case | 0-0: Ball 1-0: Foul Ball, location: 2F 1-1: Ball 2-1: Foul Ball, location: 2F 2-2: Foul Ball, location: 2F 2-2: Foul Ball, location: 2F 2-2: Ball 3-2: Ground out U3 (Groundball, 34) | Batting: LHB Joe Davis | 0-0: Foul Ball, location: 2F 0-1: Ball 1-1: SOLO HOME RUN (Flyball, 9D), Distance : 413 ft | Batting: RHB Mark May | 0-0: Called Strike 0-1: Ball 1-1: Ball 2-1: Swinging Strike 2-2: Ball 3-2: Foul Ball, location: 2F 3-2: Strikes out swinging | Batting: RHB Julián García | 0-0: Ball 1-0: Ball 2-0: Ball 3-0: Base on Balls | Batting: RHB Kevin Wilson | 0-0: Called Strike Throwing error on steal attempt, E2 Julián García to third 0-1: Ball 1-1: Foul Ball, location: 2F 1-2: Foul Ball, location: 2F 1-2: Foul Ball, location: 2F 1-2: Strikes out swinging | Top of the 5th over - 3 runs, 2 hits, 1 error, 1 left on base; Jackson HS 8 - Bishop Amat HS 0 | BOTTOM OF THE 5TH |
---|
Bishop Amat HS batting - Pitching for Jackson HS Swamp Bats : RHP Roberto Gonzáles | Batting: RHB Bill Bailey | 0-0: Ball 1-0: Ball 2-0: Ball 3-0: Called Strike 3-1: Base on Balls | Batting: RHB Mike Best | 0-0: Foul Ball, location: 2F 0-1: Reached on error, E5 (Groundball, 5S) Bill Bailey to second | Batting: SHB Bill Ríos | 0-0: Foul Ball, location: 2F 0-1: Swinging Strike 0-2: Ball 1-2: SINGLE (Groundball, 4MD) Bill Bailey to third Mike Best to second Runner from 3rd tries for Home, SAFE, throw made home | Batting: LHB Adam Roberts | 0-0: Called Strike 0-1: Ball 1-1: Ground out 4-3 (Groundball, 4MS) Mike Best to third Bill Ríos to second | Batting: RHB George Parker | 0-0: Ball 1-0: Called Strike 1-1: Ground out 6-3 (Groundball, 6M) Mike Best scores Bill Ríos to third | Pitching: RHP Jack Bowden | | Batting: LHB Ralph King | 0-0: Ground out 6-3 (Groundball, 6) | Bottom of the 5th over - 2 runs, 1 hit, 1 error, 1 left on base; Jackson HS 8 - Bishop Amat HS 2 | TOP OF THE 6TH |
---|
Jackson HS Swamp Bats batting - Pitching for Bishop Amat HS : RHP Darrell Sánchez | Batting: RHB Jeremy Gibbs | 0-0: Called Strike 0-1: Ball 1-1: Reached on error, E5 (Groundball, 5S) | Batting: RHB Jonathan Smith | 0-0: Foul Ball, location: 2F 0-1: Ball 1-1: SINGLE (Groundball, 4D) Jeremy Gibbs to second Runner from 2nd tries for 3rd, SAFE, no throw | Batting: SHB William Martínez | 0-0: Called Strike 0-1: Foul Ball, location: 2F 0-2: Fly out, F8 (Flyball, 8LS) | Batting: RHB Brendon Bachman | 0-0: Called Strike Jonathan Smith steals 2nd base 0-1: SINGLE (Groundball, 6MD) Jeremy Gibbs scores Jonathan Smith to third Throwing error, E8 Jonathan Smith scores Brendon Bachman to second | Batting: RHB Ken Case | 0-0: Ball 1-0: Called Strike 1-1: Ball 2-1: Fly out, F8 (Flyball, 8RD) | Batting: LHB Joe Davis | 0-0: Called Strike 0-1: Foul Ball, location: 2F 0-2: Foul Ball, location: 2F 0-2: Strikes out swinging | Top of the 6th over - 2 runs, 2 hits, 2 errors, 1 left on base; Jackson HS 10 - Bishop Amat HS 2 | BOTTOM OF THE 6TH |
---|
Bishop Amat HS batting - Pitching for Jackson HS Swamp Bats : RHP Jack Bowden | Batting: SHB Marcos Cardona | 0-0: Ball 1-0: Ball 2-0: Swinging Strike 2-1: Ball 3-1: Base on Balls | Batting: RHB Manuel Díaz | 0-0: Ball 1-0: Fly out, F7 (Flyball, 7) | Batting: RHB George Guppy | 0-0: Ball Marcos Cardona steals 2nd base 1-0: Foul Ball, location: 2F 1-1: Foul Ball, location: 2F 1-2: Ball 2-2: Fly out, F9 (Line Drive, 9D) Runner from 2nd tags up, SAFE at 3rd, no throw | Batting: RHB Bill Bailey | 0-0: Called Strike 0-1: Foul Ball, location: 2F 0-2: Strikes out swinging | Bottom of the 6th over - 0 runs, 0 hits, 0 errors, 1 left on base; Jackson HS 10 - Bishop Amat HS 2 | TOP OF THE 7TH |
---|
Jackson HS Swamp Bats batting - Pitching for Bishop Amat HS : RHP Darrell Sánchez | Batting: RHB Mark May | 0-0: Called Strike 0-1: Ball 1-1: Ball 2-1: Ball 3-1: Base on Balls | Pitching: RHP Andrew Taylor | | Batting: RHB Julián García | 0-0: Foul Ball, location: 2F 0-1: Ball 1-1: Ball Wild Pitch! Mark May to second 2-1: Foul Ball, location: 2F 2-2: Strikes out swinging | Batting: RHB Kevin Wilson | 0-0: Ground out 6-3 (Groundball, 6) | Batting: RHB Jeremy Gibbs | 0-0: Ball 1-0: Ball 2-0: Called Strike 2-1: Swinging Strike 2-2: Foul Ball, location: 2F 2-2: Strikes out swinging | Top of the 7th over - 0 runs, 0 hits, 0 errors, 1 left on base; Jackson HS 10 - Bishop Amat HS 2 | BOTTOM OF THE 7TH |
---|
Bishop Amat HS batting - Pitching for Jackson HS Swamp Bats : RHP Jack Bowden | Batting: RHB Mike Best | 0-0: DOUBLE (Flyball, 8RD) | Batting: SHB Bill Ríos | 0-0: Swinging Strike 0-1: Ball 1-1: Ball 2-1: DOUBLE (Line Drive, 78XD) Mike Best scores | Batting: LHB Adam Roberts | 0-0: Foul Ball, location: 2F 0-1: Ball 1-1: Ball 2-1: Ball 3-1: Foul Ball, location: 2F 3-2: Ground out U3 (Groundball, 3) Bill Ríos to third | Batting: RHB George Parker | 0-0: Fly out, F8 (Flyball, 8LM) Runner from 3rd tags up, SCORES, throw made | Batting: LHB Ralph King | 0-0: Ground out 6-3 (Groundball, 6) | Bottom of the 7th over - 2 runs, 2 hits, 0 errors, 0 left on base; Jackson HS 10 - Bishop Amat HS 4 | TOP OF THE 8TH |
---|
Jackson HS Swamp Bats batting - Pitching for Bishop Amat HS : RHP Andrew Taylor | Batting: RHB Jonathan Smith | 0-0: Called Strike 0-1: Foul Ball, location: 2F 0-2: Ball 1-2: Ball 2-2: Fly out, F5 (Popup, 5S) | Batting: SHB William Martínez | 0-0: Ball 1-0: Fly out, F6 (Flyball, 6D) | Batting: RHB Brendon Bachman | 0-0: Ball 1-0: Swinging Strike 1-1: Foul Ball, location: 2F 1-2: Ball 2-2: Ball 3-2: Base on Balls | Batting: RHB Ken Case | 0-0: Called Strike 0-1: Ball 1-1: SINGLE (Flyball, 8LS) Brendon Bachman to second Throwing error, E8 Brendon Bachman scores Ken Case to second | Batting: LHB Joe Davis | 0-0: Ball 1-0: Foul Ball, location: 2F 1-1: Foul Ball, location: 2F 1-2: Foul Ball, location: 2F 1-2: Ball 2-2: Strikes out swinging | Top of the 8th over - 1 run, 1 hit, 1 error, 1 left on base; Jackson HS 11 - Bishop Amat HS 4 | BOTTOM OF THE 8TH |
---|
Bishop Amat HS batting - Pitching for Jackson HS Swamp Bats : RHP Jack Bowden | Batting: SHB Marcos Cardona | 0-0: Ball 1-0: Ball 2-0: Ground out 4-3 (Groundball, 4) | Batting: RHB Manuel Díaz | 0-0: Ball 1-0: Fly out, F7 (Line Drive, 7S) | Batting: RHB George Guppy | 0-0: Called Strike 0-1: Foul Ball, location: 2F 0-2: Strikes out swinging, 2-3 out at first. | Bottom of the 8th over - 0 runs, 0 hits, 0 errors, 0 left on base; Jackson HS 11 - Bishop Amat HS 4 | TOP OF THE 9TH |
---|
Jackson HS Swamp Bats batting - Pitching for Bishop Amat HS : RHP Andrew Taylor | Batting: RHB Mark May | 0-0: Ball 1-0: Ball 2-0: Ball 3-0: Called Strike 3-1: Foul Ball, location: 2F 3-2: Strikes out looking | Batting: RHB Julián García | 0-0: Ball 1-0: Called Strike 1-1: Called Strike 1-2: SINGLE (Groundball, 6MD) | Batting: RHB Kevin Wilson | 0-0: Called Strike Julián García steals 2nd base 0-1: Swinging Strike 0-2: Ball 1-2: Ball 2-2: Foul Ball, location: 2F 2-2: Foul Ball, location: 2F 2-2: Strikes out swinging | Batting: RHB Jeremy Gibbs | 0-0: Called Strike 0-1: Foul Ball, location: 2F 0-2: Strikes out looking | Top of the 9th over - 0 runs, 1 hit, 0 errors, 1 left on base; Jackson HS 11 - Bishop Amat HS 4 | BOTTOM OF THE 9TH |
---|
Bishop Amat HS batting - Pitching for Jackson HS Swamp Bats : RHP Jack Bowden | Batting: RHB Bill Bailey | 0-0: Reached on error, E5 (Groundball, 2L) | Batting: RHB Mike Best | 0-0: Ball 1-0: DOUBLE (Flyball, 78D) Bill Bailey to third | Batting: SHB Bill Ríos | 0-0: Called Strike 0-1: Called Strike 0-2: Ground out 2-3 (Groundball, 15S) | Batting: LHB Adam Roberts | 0-0: Ground out 4-3 (Groundball, 4) Bill Bailey scores Mike Best to third | Batting: RHB George Parker | 0-0: Fly out, F7 (Flyball, 78S) | Bottom of the 9th over - 1 run, 1 hit, 1 error, 1 left on base; Jackson HS 11 - Bishop Amat HS 5 | |